 Dungeon Crawl Stone Soup version 0.19.5 (webtiles) character file.

256 tricornhat the Cudgeler (level 5, 0/42 HPs)
             Began as a Demonspawn Berserker on Mar 11, 2017.
             Was a Priest of Trog.
             Succumbed to a worker ant's poison
             ... on level 4 of the Dungeon on Mar 12, 2017.
             The game lasted 00:24:41 (3551 turns).

tricornhat the Cudgeler (Demonspawn Berserker)      Turns: 3551, Time: 00:24:42

Health: 0/42       AC:  7    Str: 18    XL:     5   Next: 92%
Magic:  5/5        EV: 11    Int:  9    God:    Trog [***...]
Gold:   180        SH:  0    Dex: 12    Spells: 0 memorised, 4 levels left

rFire  + . .     SeeInvis .     k - +0 war axe (venom)
rCold  . . .     Gourm    .     c - +0 ring mail
rNeg   . . .     Faith    .     (no shield)
rPois  .         Spirit   .     (no helmet)
rElec  .         Reflect  .     (no cloak)
rCorr  +         Harm     .     (no gloves)
MR     .....                    (no boots)
Stlth  ++........               (no amulet)
                                i - ring of resist corrosion
                                d - ring of protection from fire

@: lethally poisoned (0 -> -4)
A: icy blue scales 1, nightstalker 1
a: Berserk, Trog's Hand, Burn Spellbooks, Renounce Religion


You were on level 4 of the Dungeon.
You worshipped Trog.
Trog was most pleased with you.
You were full.

You visited 1 branch of the dungeon, and saw 4 of its levels.

You collected 180 gold pieces.

Inventory:

Hand Weapons
 a - a +0 mace
 k - a +0 war axe of venom (weapon)
Armour
 b - a +1 animal skin
 c - a +0 ring mail (worn)
 m - a +0 scale mail
Jewellery
 d - a ring of protection from fire (left hand)
 i - a ring of resist corrosion (right hand)
 q - an uncursed ring of protection from magic {unknown}
Scrolls
 e - 2 scrolls of fog {unknown}
 n - a scroll of remove curse {unknown}
 o - a scroll of amnesia {unknown}
 p - a scroll of enchant weapon {unknown}
Potions
 g - 5 potions of curing {unknown}
 l - a potion of flight {unknown}
Comestibles
 f - 2 meat rations
 j - 2 bread rations
 r - 2 fruits


   Skills:
 + Level 4.0 Fighting
 + Level 4.9 Maces & Flails
 + Level 2.0 Armour
 + Level 2.7 Dodging


You had 4 spell levels left.
You didn't know any spells.

Dungeon Overview and Level Annotations

Branches:
Dungeon (4/15)
 Temple: D:4-7

Altars:
Hepliaklqana
Kikubaaqudgha
Ru
The Shining One


Innate Abilities, Weirdness & Mutations

You are partially covered in icy blue scales. (AC +2)
You are slightly more attuned to the shadows.


Message History

The worker ant closely misses you.
The worker ant bites you but does no damage.
You barely miss the worker ant.
You feel sick. The worker ant bites you.
* * * LOW HITPOINT WARNING * * *
The worker ant bites you.
* * * LOW HITPOINT WARNING * * *
* * * LOW HITPOINT WARNING * * *
You feel sick.
As you read the scroll of teleportation, it crumbles to dust.
You feel strangely unstable. The worker ant bites you.
* * * LOW HITPOINT WARNING * * *
* * * LOW HITPOINT WARNING * * *
You feel sick.
Your surroundings suddenly seem different.
* * * LOW HITPOINT WARNING * * *
You feel sick.
Found 10 gold pieces.
A frilled lizard, an adder and an orc come into view.
The frilled lizard hisses angrily.
The adder hisses angrily.
You hear a shout!
You die...

#..........#
#..........#
#.....o....#
.#..........#
..........$.#
......S.....#
≈.....l.....####
###......@......
#####+########


You could see an adder, an orc and a frilled lizard.

Vanquished Creatures
  A bullfrog skeleton (D:4)
  A worker ant (D:3)
  8 gnolls (D:2)
  4 adders (D:2)
  An ooze (D:3)
  2 worms
  A dart slug (D:2)
  5 leopard geckos
  3 orcs (D:3)
  5 giant cockroaches
  9 goblins
  7 hobgoblins
  4 kobolds
  3 quokkas
  11 bats
  A frilled lizard (D:1)
  14 rats
80 creatures vanquished.

Notes
Turn   | Place    | Note
-------+----------+-------------------------------------------
     0 | D:1      | tricornhat the Demonspawn Berserker began the quest for the Orb.
     0 | D:1      | Reached XP level 1. HP: 18/18 MP: 1/1
   352 | D:1      | Gained mutation: You are partially covered in icy blue scales. (AC +2) [demonic ancestry]
   352 | D:1      | Reached XP level 2. HP: 24/24 MP: 2/2
   607 | D:2      | Gained mutation: You are slightly more attuned to the shadows. [demonic ancestry]
   607 | D:2      | Reached XP level 3. HP: 14/29 MP: 3/3
   951 | D:2      | Reached ** piety under Trog
  1445 | D:2      | Reached XP level 4. HP: 13/36 MP: 4/4
  1980 | D:2      | Reached XP level 5. HP: 13/42 MP: 5/5
  3053 | D:3      | Reached *** piety under Trog
  3334 | D:3      | Found a glowing golden altar of the Shining One.
  3470 | D:4      | Found a sacrificial altar of Ru.
  3470 | D:4      | Found an ancient bone altar of Kikubaaqudgha.
  3470 | D:4      | Found a hazy altar of Hepliaklqana.
  3546 | D:4      | HP: 2/42 [worker ant (3)]
  3551 | D:4      | Succumbed to a worker ant's poison

Skill      XL: |  1  2  3  4  5 |
---------------+----------------+-----
Maces & Flails | 3 4 |  4.9
Dodging        | 2 |  2.7
Fighting       | 4 |  4.0
Armour         | 2 |  2.0

Action                   |  1- 3 |  4- 6 || total
-------------------------+-------+-------++-------
Melee: Mace              |   123 |   200 ||   323
       War axe           |       |    12 ||    12
  Use: Scroll            |     4 |     3 ||     7
       Potion            |     3 |     1 ||     4
 Stab: Sleeping          |     6 |     2 ||     8
  Eat: Bread ration      |     1 |       ||     1
       Chunk             |       |     3 ||     3
       Meat ration       |       |     1 ||     1
       Fruit             |       |     1 ||     1
Armor: Animal skin       |    49 |       ||    49
       Ring mail         |       |    78 ||    78
Dodge: Dodged            |   103 |   123 ||   226
